 Dungeon Crawl Stone Soup version 0.17-a0-1262-gd250d98 (webtiles) character file.

2573 inmateoo the Frost Mage (level 9, -3/64 HPs)
             Began as a Grey Draconian Ice Elementalist on June 7, 2015.
             Was a Follower of Cheibriados.
             Slain by an orc warrior
             ... wielding a +0 glaive
              (19 damage)
             ... on level 8 of the Dungeon.
             The game lasted 00:13:17 (8091 turns).

inmateoo the Frost Mage (DrIE)                      Turns: 8091, Time: 00:13:17

Health: -3/64      AC: 14    Str: 13    XL:     9   Next: 32%
Magic:  4/18       EV: 14    Int: 23    God:    Cheibriados [*.....]
Gold:   318        SH:  0    Dex: 14    Spells: 4 memorised, 10 levels left

rFire  . . .     SeeInvis .     g - +3 great sword
rCold  . . .     Clarity  +     (armour unavailable)
rNeg   . . .     SustAt   .     (no shield)
rPois  .         Gourm    .     (helmet restricted)
rElec  .         Spirit   .     i - +1 cloak
rCorr  .         Warding  .     (no gloves)
rMut   .         Stasis   .     (no boots)
MR     .....                    s - amulet of clarity
Stlth  ++........               (no ring)
                                (no ring)

@: very slightly contaminated, very slow, not resistant to hostile enchantments,
unstealthy
A: walk through water, unfitting armour, wild magic 1, unbreathing,
cold-blooded, AC +12
a: Bend Time, Renounce Religion


You were on level 8 of the Dungeon.
You worshipped Cheibriados.
Cheibriados was aware of your devotion.
You were not hungry.

You visited 2 branches of the dungeon, and saw 9 of its levels.

You collected 318 gold pieces.

Inventory:

Hand weapons
 c - a +1 dagger of protection
 g - a +3 great sword (weapon)
Armour
 i - a +1 cloak (worn)
Jewellery
 s - an amulet of clarity (around neck)
 w - an uncursed ring of teleportation
Magical devices
 e - a wand of digging (1)
 p - a wand of paralysis (6)
 t - a wand of disintegration (16)
Scrolls
 l - 3 scrolls of remove curse
 m - 3 scrolls of teleportation
 n - 2 scrolls of enchant armour
Potions
 d - 4 potions of curing
 j - a potion of magic
 k - a potion of invisibility
 o - a potion of flight
Books
 a - a book of Frost

   Spells                             Type                      Level
   a - Freeze                         Ice                          1
   b - Throw Frost                    Conjuration/Ice              2
   c - Ozocubu's Armour               Charms/Ice                   3
   d - Throw Icicle                   Conjuration/Ice              4
   e - Summon Ice Beast               Ice/Summoning                4
   f - Condensation Shield            Ice                          4
 u - a book of Dreams

   Spells                             Type                      Level
   a - Ensorcelled Hibernation        Hexes/Ice                    2
   b - Phase Shift                    Translocation                5
   c - Shadow Creatures               Summoning                    5
   d - Silence                        Hexes/Air                    5
   e - Mass Confusion                 Hexes                        6
   f - Darkness                       Hexes                        7
Comestibles
 b - 6 bread rations
 f - 2 meat rations


   Skills:
 + Level 1.3 Fighting
 + Level 1.0 Long Blades
 + Level 5.1 Dodging
 - Level 1.7 Stealth
 + Level 6.1 Spellcasting
 - Level 1.0 Conjurations
 * Level 9.8 Ice Magic


You had 10 spell levels left.
You knew the following spells:

 Your Spells              Type           Power        Failure   Level  Hunger
a - Freeze                Ice            ####         1%          1    None
b - Throw Frost           Conj/Ice       #####.       4%          2    None
c - Ozocubu's Armour      Chrm/Ice       #####...     11%         3    #......
d - Throw Icicle          Conj/Ice       #####...     22%         4    ###....


Dungeon Overview and Level Annotations

Branches:
Dungeon (8/15)             Temple (1/1) D:7
   Lair: D:8-11

Altars:
Ashenzari
Cheibriados
Dithmenos
Fedhas
Gozag
Makhleb
Nemelex Xobeh
Okawaru
Ru
Vehumet
Xom
Yredelemnul
Zin
The Shining One

Shops:
D:2 *   D:6 !

Annotations:
D:4 Oddysee's ghost, average MfGl
D:5 exclusion: ice beast


Innate Abilities, Weirdness & Mutations

You can walk through water.
Your dull iron-grey scales are very hard (AC +12).
Your body does not fit into most forms of armour.
You can survive without breathing.
You are cold-blooded and may be slowed by cold attacks.
Your spells are a little harder to cast, but a little more powerful.


Message History

The orc warrior completely misses you.
All of the chunks of flesh in your inventory have rotted away.
Things that are here:
a morningstar; a leather armour; an orc corpse
Casting: Throw Icicle
Confirm with . or Enter, or press ? or * to list all spells.
Aiming: Freeze
Press: ? - help, Shift-Dir - straight line, f/p - orc warrior
Aim: an orc warrior, wielding a glaive and wearing a chain mail (moderately wounded)
You freeze the orc warrior.
The orc warrior is moderately wounded.
Casting: Freeze
Confirm with . or Enter, or press ? or * to list all spells.
Aiming: Freeze
Press: ? - help, Shift-Dir - straight line, f/p - orc warrior
Aim: an orc warrior, wielding a glaive and wearing a chain mail (moderately wounded)
You freeze the orc warrior.
The orc warrior is heavily wounded.
The orc warrior hits you with a glaive!!
You die...

#.#.#########.#
#.......# #.#
###.###.# #.# #.#
#.# #.# ### #.#
#.# #.# ... #.#
#.# #.# .... #.#
#.#####.# #.. #.#
#.......#
+..############@#
#########
##.....(.oo.ooo.o#
..........oo######
....)..!....#
............#
............#
............#
............#
............#


You could see an orc warrior, an orc priest and 6 orcs.

Vanquished Creatures
  Joseph (D:7)
  A deep elf mage (D:7)
  3 orc warriors
  A centaur (D:5)
  5 ogres
  A giant frog (D:6)
  A scorpion (D:4)
  5 killer bees (D:8)
  3 wights (D:8)
  2 crimson imps
  A giant frog zombie (D:5)
  3 orc priests
  A jelly (D:8)
  4 orc wizards
  4 hounds
  4 worker ants
  2 iguanas (D:5)
  A hound skeleton (D:7)
  3 gnolls (D:3)
  5 adders
  3 shadow imps
  An adder skeleton (D:6)
  5 worms
  2 giant geckos
  25 orcs
  15 bats
  14 hobgoblins
  6 jackals
  9 kobolds
  2 quokkas
  5 giant cockroaches
  A giant gecko skeleton (D:6)
  10 giant newts
  2 gnoll zombies (D:8)
  7 goblins
  A jackal skeleton (D:6)
  8 rats
167 creatures vanquished.

Notes
Turn   | Place    | Note
--------------------------------------------------------------
     0 | D:1      | inmateoo the Draconian Ice Elementalist began the quest for the Orb.
     0 | D:1      | Reached XP level 1. HP: 14/14 MP: 3/3
   248 | D:1      | Reached XP level 2. HP: 20/20 MP: 0/5
   740 | D:2      | Reached XP level 3. HP: 26/26 MP: 1/6
   741 | D:2      | Reached skill level 4 in Ice Magic
  1341 | D:2      | Found Zin's Purification Station.
  1349 | D:2      | Found a glowing silver altar of Zin.
  1984 | D:3      | Reached XP level 4. HP: 21/33 MP: 4/8
  2356 | D:4      | Reached skill level 5 in Ice Magic
  2614 | D:3      | Reached XP level 5. HP: 38/38 MP: 7/9
  3160 | D:4      | Learned a level 2 spell: Throw Frost
  3164 | D:4      | Learned a level 3 spell: Ozocubu's Armour
  3169 | D:4      | Learned a level 4 spell: Throw Icicle
  3243 | D:4      | Noticed an ogre
  3250 | D:4      | Killed an ogre
  3250 | D:4      | Reached XP level 6. HP: 45/45 MP: 3/11
  3379 | D:4      | Reached skill level 6 in Ice Magic
  3696 | D:4      | Noticed an ogre
  3713 | D:4      | Killed an ogre
  3713 | D:4      | Your scales start taking on a dull iron-grey colour.
  3713 | D:4      | Gained mutation: You can survive without breathing. [Grey Draconian growth]
  3713 | D:4      | Reached XP level 7. HP: 50/50 MP: 2/13
  3919 | D:4      | Noticed Oddysee's ghost (average MfGl)
  3940 | D:5      | Entered Level 5 of the Dungeon
  4402 | D:5      | Reached skill level 7 in Ice Magic
  4564 | D:5      | Found a radiant altar of Vehumet.
  4899 | D:5      | Gained mutation: Your spells are a little harder to cast, but a little more powerful. [potion of beneficial mutation]
  5265 | D:6      | Reached XP level 8. HP: 57/57 MP: 0/15
  5425 | D:6      | Found a glowing golden altar of the Shining One.
  5736 | D:6      | Reached skill level 5 in Spellcasting
  5737 | D:6      | Reached skill level 8 in Ice Magic
  5933 | D:6      | Found Bixabosiku's Distillery.
  6134 | D:7      | Noticed Joseph
  6151 | D:7      | Killed Joseph
  6174 | D:7      | Found an iron altar of Okawaru.
  6427 | D:7      | Found a staircase to the Ecumenical Temple.
  6433 | D:7      | Found a sparkling altar of Nemelex Xobeh.
  6438 | Temple   | Entered the Ecumenical Temple
  6472 | Temple   | Became a worshipper of Cheibriados the Contemplative
  6780 | D:7      | Reached skill level 9 in Ice Magic
  6846 | D:7      | Reached XP level 9. HP: 59/62 MP: 1/17
  7242 | D:7      | Acquired Cheibriados's first power
  7369 | D:7      | Reached skill level 5 in Dodging
  7598 | D:8      | Reached skill level 1 in Fighting
  7914 | D:8      | Reached skill level 1 in Long Blades
  8035 | D:8      | Found a basalt altar of Yredelemnul.
  8091 | D:8      | Slain by an orc warrior

Vault maps used:
D:1:      lightli_arrival_boilingwater
D:2:      minmay_door_path, zin_purify
D:3:      serial_bayou_pond_d, grunt_ministairs_8
D:4:      grunt_temple_overflow_open
D:5:      lemuel_coloured_pillars_altar, first_bread, basic_altar,
          minmay_misc_feat_roman
D:6:      serial_shops, nicolae_shop_stone, basic_altar
D:7:      old_standard_altar, nemelex_deck, uniq_joseph
D:8:      kennysheep_mini_moat, lemuel_zombie_altar_yredelemnul
Temple:   circular_temple_pool_8

Action                   |  1- 3 |  4- 6 |  7- 9 || total
-------------------------+-------+-------+-------++-------
Melee: Unarmed           |    39 |    37 |   171 ||   247
       Dagger            |       |       |    11 ||    11
       Great sword       |       |       |    14 ||    14
 Cast: Freeze            |    68 |    89 |   176 ||   333
       Ozocubu's Armour  |       |     4 |    11 ||    15
       Throw Frost       |       |       |     3 ||     3
       Throw Icicle      |       |       |     7 ||     7
  Use: Scroll            |       |       |    12 ||    12
       Potion            |       |       |     6 ||     6
 Stab: Sleeping          |     2 |       |       ||     2
  Eat: Chunk             |     2 |     6 |    12 ||    20
       Beef jerky        |     1 |       |     1 ||     2
       Fruit             |       |       |     1 ||     1
